[Event "47th GRE-chT 2019"]
[Site "Patra"]
[Date "2019.07.04"]
[Round "4.13"]
[White "Azis, Azizis Ektoras"]
[Black "Vragoteris, Antonios"]
[Result "0-1"]
[ECO "B37"]
[WhiteElo "2191"]
[BlackElo "2168"]
[Annotator "NA"]
[PlyCount "80"]
[EventDate "2019.07.02"]
[EventCountry "GRE"]
[SourceTitle "playchess.com"]
[Source "ChessBase"]
[SourceQuality "1"]
[TimeControl "5400+30"]

1. Nf3 c5 2. c4 Nc6 3. d4 cxd4 4. Nxd4 g6 5. e4 Bg7 6. Nc2 Nf6 7. Nc3 O-O 8. Be2 d6 9. O-O Bd7 10. Rb1 Rc8 11. b3 a6 12. h3 b5 13. cxb5 axb5 14. Bxb5 Ne5 15. Bxd7 Rxc3 16. Bb5 Nxe4 17. Qe2 Qa8 18. a4 Rxh3 19. Bb2 Rxb3 20. Nd4 Rb4 21. Qe1 Rxb2 22. Rxb2 Nf3+ 23. Nxf3 Bxb2 24. Qe3 Bf6 25. Nd4 Rc8 26. Re1 Nc5 27. Nb3 Nxa4 28. Rc1 Nc3 29. Bf1 Qa3 30. Qb6 Kg7 31. Re1 Qa8 32. Nd2 Qd5 33. Nf3 g5 34. Nh2 h5 35. Qa6 Rc5 36. Qa7 e6 37. g3 Qd2 38. Nf3 Qa2 39. Qd7 g4 40. Nh2 Bd4 0-1

[Event "47th GRE-chT 2019"]
[Site "Patra"]
[Date "2019.07.04"]
[Round "4.14"]
[White "Alexiadis, Hristos"]
[Black "Georgiadis, Ioannis"]
[Result "0-1"]
[ECO "A46"]
[WhiteElo "2344"]
[BlackElo "2476"]
[Annotator "ChessBase"]
[PlyCount "64"]
[EventDate "2019.07.02"]
[EventCountry "GRE"]
[SourceTitle "playchess.com"]
[Source "ChessBase"]
[SourceQuality "1"]
[TimeControl "5400+30"]

1. d4 Nf6 2. Nf3 e6 3. Bg5 h6 4. Bh4 d6 5. Nbd2 g5 6. Bg3 Nh5 7. e4 Bg7 8. c3 Qe7 9. Be2 Nd7 10. O-O b6 11. a4 a6 12. Nc4 Bb7 13. Bd3 Nxg3 14. hxg3 g4 15. Nh4 h5 16. d5 Nf8 17. e5 Bxe5 18. dxe6 Nxe6 19. Re1 O-O-O 20. Qe2 Bf6 21. Nf5 Qe8 22. Qf1 Kb8 23. Na3 a5 24. Bb5 Qg8 25. Ba6 Ba8 26. Nh4 Bxh4 27. gxh4 g3 28. f3 Qg7 29. Qc4 d5 30. Qe2 Qf6 31. Kf1 Qxh4 32. Qe3 Nf4 0-1

[Event "47th GRE-chT 2019"]
[Site "Patra"]
[Date "2019.07.04"]
[Round "4.14"]
[White "Maisuradze, Nino"]
[Black "Radeva, Viktoria"]
[Result "1/2-1/2"]
[ECO "D30"]
[WhiteElo "2197"]
[BlackElo "2247"]
[Annotator "NA"]
[PlyCount "49"]
[EventDate "2019.07.02"]
[EventCountry "GRE"]
[SourceTitle "playchess.com"]
[Source "ChessBase"]
[SourceQuality "1"]
[TimeControl "5400+30"]

1. d4 d5 2. c4 e6 3. Nf3 Nf6 4. Bg5 c6 5. cxd5 exd5 6. Qc2 Be7 7. Nc3 Nbd7 8. e3 O-O 9. Bd3 Re8 10. O-O Nf8 11. h3 Ne4 12. Bf4 f5 13. Ne5 Bf6 14. b4 Nd7 15. Nxd7 Bxd7 16. Na4 Qe7 17. Rab1 g5 18. Bh2 h5 19. Nc5 Bc8 20. Kh1 g4 21. Bf4 Bg5 22. Be5 Bf6 23. Bf4 Bg5 24. Be5 Bf6 25. Bf4 1/2-1/2

[Event "47th GRE-chT 2019"]
[Site "Patra"]
[Date "2019.07.04"]
[Round "4.15"]
[White "Botsari, Anna-Maria"]
[Black "Szczepkowska, Karina"]
[Result "1/2-1/2"]
[ECO "E00"]
[WhiteElo "2233"]
[BlackElo "2425"]
[Annotator "NA"]
[PlyCount "60"]
[EventDate "2019.07.02"]
[EventCountry "GRE"]
[SourceTitle "playchess.com"]
[Source "ChessBase"]
[SourceQuality "1"]
[TimeControl "5400+30"]

1. d4 Nf6 2. c4 e6 3. g3 Bb4+ 4. Bd2 Qe7 5. Bg2 Nc6 6. d5 Ne5 7. Qb3 Bc5 8. e3 exd5 9. cxd5 d6 10. h3 Bf5 11. Nc3 O-O 12. Nge2 Nd3+ 13. Kf1 Rfe8 14. Nd4 Bg6 15. Kg1 Bb6 16. Nce2 Nc5 17. Qd1 Be4 18. Nc3 Bxg2 19. Kxg2 Nce4 20. Nde2 Ba5 21. Rc1 Rac8 22. Nf4 Nxd2 23. Qxd2 Ne4 24. Qd4 Bxc3 25. bxc3 Nc5 26. Rhd1 Qg5 27. Qb4 b6 28. Rd4 Qf5 29. Qb1 Qxb1 30. Rxb1 g6 1/2-1/2

[Event "47th GRE-chT 2019"]
[Site "Patra"]
[Date "2019.07.04"]
[Round "4.15"]
[White "Grafakou, Sotiria-Aphrodite"]
[Black "Houhouli, Hristina"]
[Result "1-0"]
[ECO "E46"]
[WhiteElo "1684"]
[BlackElo "1428"]
[Annotator "NA"]
[PlyCount "81"]
[EventDate "2019.07.02"]
[EventCountry "GRE"]
[SourceTitle "playchess.com"]
[Source "ChessBase"]
[SourceQuality "1"]
[TimeControl "5400+30"]

1. d4 Nf6 2. c4 e6 3. Nc3 Bb4 4. e3 O-O 5. Nge2 d6 6. a3 Bxc3+ 7. Nxc3 Re8 8. Bd3 e5 9. O-O Qe7 10. f3 Nbd7 11. Nb5 Nf8 12. b4 Ng6 13. Bd2 a6 14. Nc3 b6 15. d5 Bb7 16. Qb3 Nd7 17. a4 Qg5 18. Ne4 Qe7 19. Ng3 Nh4 20. a5 Rf8 21. Qc2 Kh8 22. f4 exf4 23. Rxf4 Ng6 24. Nf5 Qd8 25. Rf2 Nde5 26. Bc3 Re8 27. Raf1 f6 28. Nd4 Ng4 29. Ne6 Qd7 30. Rf3 N4e5 31. Bxe5 Nxe5 32. Rh3 h6 33. Rg3 Rg8 34. Bh7 Rge8 35. Rxg7 Qxg7 36. Nxg7 Kxg7 37. Bf5 Rg8 38. Be6 Rgf8 39. Qf2 Nxc4 40. Qg3+ Kh7 41. Bf5+ 1-0

[Event "47th GRE-chT 2019"]
[Site "Patra"]
[Date "2019.07.04"]
[Round "4.16"]
[White "Louka, Magdalini"]
[Black "Avramidou, Anastasia"]
[Result "1/2-1/2"]
[ECO "B41"]
[WhiteElo "1766"]
[BlackElo "2260"]
[Annotator "NA"]
[PlyCount "43"]
[EventDate "2019.07.02"]
[EventCountry "GRE"]
[SourceTitle "playchess.com"]
[Source "ChessBase"]
[SourceQuality "1"]
[TimeControl "5400+30"]

1. e4 c5 2. Nf3 e6 3. d4 cxd4 4. Nxd4 a6 5. c4 Nf6 6. Nc3 Qc7 7. Be2 b6 8. Be3 Bb7 9. f3 Be7 10. O-O O-O 11. Qd2 d6 12. Rfc1 Nbd7 13. a4 Rfc8 14. a5 bxa5 15. Nb3 Rab8 16. Ba7 Ra8 17. Be3 Rab8 18. Ba7 Ra8 19. Be3 Rab8 20. Ba7 Ra8 21. Be3 Rab8 22. Ba7 1/2-1/2

[Event "47th GRE-chT 2019"]
[Site "Patra"]
[Date "2019.07.04"]
[Round "4.16"]
[White "Batsi, Varvara"]
[Black "Gioutsou, Miranta"]
[Result "1/2-1/2"]
[ECO "D20"]
[WhiteElo "1214"]
[BlackElo "1476"]
[Annotator "NA"]
[PlyCount "65"]
[EventDate "2019.07.02"]
[EventCountry "GRE"]
[SourceTitle "playchess.com"]
[Source "ChessBase"]
[SourceQuality "1"]
[TimeControl "5400+30"]

1. d4 d5 2. c4 dxc4 3. e4 e5 4. d5 b5 5. a4 Nf6 6. Bg5 c6 7. Bxf6 Qxf6 8. dxc6 Qxc6 9. f3 Bb4+ 10. Nc3 Bxc3+ 11. bxc3 Be6 12. axb5 Qxb5 13. Qa4 Qxa4 14. Rxa4 O-O 15. Bxc4 Bxc4 16. Rxc4 Nd7 17. Ne2 Rfb8 18. O-O f6 19. Rc7 Nb6 20. Ra1 a5 21. c4 a4 22. Nc3 Rc8 23. Rxc8+ Rxc8 24. Nd5 Nxd5 25. cxd5 Rc4 26. Ra2 g6 27. Kf2 Kf7 28. Ke3 f5 29. Kd3 Rd4+ 30. Ke3 fxe4 31. fxe4 Ke7 32. Ra3 Kd6 33. Rc3 1/2-1/2

[Event "47th GRE-chT 2019"]
[Site "Patra"]
[Date "2019.07.04"]
[Round "4.17"]
[White "Gkikas, Vasilios"]
[Black "Betsakos, Konstantinos"]
[Result "1/2-1/2"]
[ECO "E11"]
[WhiteElo "1950"]
[BlackElo "2094"]
[Annotator "NA"]
[PlyCount "102"]
[EventDate "2019.07.02"]
[EventCountry "GRE"]
[SourceTitle "playchess.com"]
[Source "ChessBase"]
[SourceQuality "1"]
[TimeControl "5400+30"]

1. d4 Nf6 2. c4 e6 3. Nf3 Bb4+ 4. Bd2 a5 5. g3 d6 6. Bg2 Nbd7 7. O-O e5 8. a3 Bxd2 9. Qxd2 O-O 10. Nc3 exd4 11. Nxd4 Nb6 12. b3 c6 13. Qc2 a4 14. b4 Nxc4 15. Nxa4 d5 16. Nb2 Nxb2 17. Qxb2 Ne4 18. Nb3 Re8 19. e3 h5 20. Nd2 Nd6 21. a4 Bf5 22. Qc3 Qd7 23. Rfc1 h4 24. Qd4 hxg3 25. hxg3 Re6 26. b5 Rg6 27. bxc6 bxc6 28. a5 Nb5 29. Qc5 Bh3 30. Bh1 Ra6 31. Nf3 Qc7 32. Kh2 Rh6 33. Kg1 Rxa5 34. Rxa5 Qxa5 35. Ne5 Rf6 36. Nxc6 Qd2 37. Ne7+ Kh8 38. Qc2 Rxf2 39. Qxd2 Rxd2 40. Nxd5 g5 41. Nc3 Nxc3 42. Rxc3 Kg7 43. Bf3 Kf6 44. g4 Rb2 45. Rc6+ Kg7 46. Rc5 f5 47. gxf5 g4 48. Be4 Kf6 49. Rc2 Rb4 50. Bg2 Bxg2 51. Kxg2 Kxf5 1/2-1/2

[Event "47th GRE-chT 2019"]
[Site "Patra"]
[Date "2019.07.04"]
[Round "4.17"]
[White "Arapkoule, Eirini"]
[Black "Kouta, Antonia"]
[Result "0-1"]
[ECO "E43"]
[WhiteElo "1370"]
[BlackElo "1762"]
[Annotator "NA"]
[PlyCount "32"]
[EventDate "2019.07.02"]
[EventCountry "GRE"]
[SourceTitle "playchess.com"]
[Source "ChessBase"]
[SourceQuality "1"]
[TimeControl "5400+30"]

1. d4 Nf6 2. c4 e6 3. Nc3 Bb4 4. e3 O-O 5. Bd3 d5 6. Nf3 b6 7. O-O Bb7 8. Qc2 c5 9. a3 Bxc3 10. bxc3 dxc4 11. Bxc4 Nc6 12. Bb2 Na5 13. Be2 c4 14. Bd1 Nb3 15. Rb1 Be4 16. Qe2 Bxb1 0-1

[Event "47th GRE-chT 2019"]
[Site "Patra"]
[Date "2019.07.04"]
[Round "4.18"]
[White "Tsiros, Fragkiskos Vlasios"]
[Black "Kouskoutis, Georgios-Alexandros"]
[Result "0-1"]
[ECO "C26"]
[WhiteElo "2170"]
[BlackElo "2256"]
[Annotator "ChessBase"]
[PlyCount "185"]
[EventDate "2019.07.02"]
[EventCountry "GRE"]
[SourceTitle "playchess.com"]
[Source "ChessBase"]
[SourceQuality "1"]
[TimeControl "5400+30"]

1. e4 e5 2. Nc3 Nf6 3. g3 c6 4. Bg2 d5 5. d3 Bb4 6. exd5 cxd5 7. a3 Bxc3+ 8. bxc3 h6 9. Ne2 O-O 10. O-O Nc6 11. h3 Re8 12. Rb1 Qc7 13. Be3 Bf5 14. Qd2 Rad8 15. f4 d4 16. Bf2 dxc3 17. Qxc3 e4 18. Nd4 Nd5 19. Qb3 Bh7 20. dxe4 Bxe4 21. Nb5 Qc8 22. Bxe4 Rxe4 23. Rfd1 Nf6 24. Nd6 Rxd6 25. Rxd6 Re7 26. Qf3 Qxh3 27. Qg2 Qf5 28. Rd2 Kh7 29. Rbd1 h5 30. Rd3 Re2 31. R1d2 Rxd2 32. Rxd2 Qa5 33. Rd3 Qa4 34. Rb3 b6 35. Qf3 Ne7 36. Qd3+ Qe4 37. Bd4 Qxd3 38. cxd3 Nfd5 39. Kg2 Kg6 40. Rb1 f6 41. Kf3 Kf7 42. a4 Nc6 43. Ke4 Nde7 44. Bb2 Ke6 45. d4 g6 46. Ba3 Nd5 47. Rc1 f5+ 48. Kd3 Kd7 49. Kc4 Nf6 50. d5 Na5+ 51. Kb5 Nxd5 52. Ka6 Nc6 53. Kb7 Nd8+ 54. Kxa7 Ne6 55. Kb7 Nd8+ 56. Ka6 Ne6 57. Kb5 Nec7+ 58. Kc4 Ne3+ 59. Kd3 Ned5 60. Kd4 Nf6 61. Rb1 Ne6+ 62. Kc4 Kc6 63. Bc1 Nc5 64. Kb4 Nd5+ 65. Kc4 Nxa4 66. Bd2 Nc5 67. Kd4 Ne4 68. Be1 Kd6 69. Rb5 Nc5 70. Bd2 Ne6+ 71. Kd3 Kc6 72. Kc4 Ndc7 73. Rb1 b5+ 74. Kd3 Nc5+ 75. Kd4 Ne4 76. Be1 Kd6 77. Bb4+ Ke6 78. Rc1 Kd7 79. Ke5 Nxg3 80. Rg1 h4 81. Be1 Ne4 82. Bxh4 b4 83. Rb1 Nc5 84. Kd4 N7e6+ 85. Kc4 Ne4 86. Rd1+ Ke8 87. Kd5 Nc3+ 88. Kxe6 Nxd1 89. Bf6 b3 90. Be5 b2 91. Bxb2 Nxb2 92. Kf6 Kd7 93. Ke5 0-1

[Event "47th GRE-chT 2019"]
[Site "Patra"]
[Date "2019.07.04"]
[Round "4.19"]
[White "Chatzieleftheriou, Andreas"]
[Black "Loukisas, Dimitrios"]
[Result "1-0"]
[ECO "C01"]
[WhiteElo "2208"]
[BlackElo "1898"]
[Annotator "NA"]
[PlyCount "141"]
[EventDate "2019.07.02"]
[EventCountry "GRE"]
[SourceTitle "playchess.com"]
[Source "ChessBase"]
[SourceQuality "1"]
[TimeControl "5400+30"]

1. e4 e6 2. d4 d5 3. Bd3 dxe4 4. Bxe4 Nf6 5. Bf3 Be7 6. Ne2 Nbd7 7. O-O O-O 8. c4 e5 9. Nbc3 exd4 10. Nxd4 Ne5 11. Be2 c6 12. Bf4 Ng6 13. Bg3 h5 14. h3 h4 15. Bh2 Bd6 16. Bxd6 Qxd6 17. Nf3 Qc5 18. Qd4 Qh5 19. Rad1 Re8 20. Rfe1 Bd7 21. Qd2 Bxh3 22. gxh3 Rxe2 23. Rxe2 Qxf3 24. Qe3 Qf5 25. Red2 Nf4 26. Kh2 Ne6 27. Rd3 Re8 28. Qf3 Qc5 29. Re3 Qxc4 30. Ne4 Nxe4 31. Rxe4 Qc2 32. Rd7 Rf8 33. Re2 Qc5 34. Qg4 b5 35. Qxh4 a5 36. Qg4 g6 37. h4 Ng7 38. Rde7 Qd6+ 39. Qg3 Qd5 40. R7e5 Qd4 41. h5 Kh7 42. R5e4 Qc5 43. hxg6+ fxg6 44. Re7 Rf5 45. R7e5 Rh5+ 46. Rxh5+ Nxh5 47. Qe5 Qc4 48. Qe4 Qc1 49. Qe7+ Ng7 50. Qe3 Qc4 51. b3 Qf7 52. Rd2 Qc7+ 53. Qg3 Qe7 54. Qh3+ Kg8 55. Qg3 Kh7 56. Rd3 Nf5 57. Qf4 Kg7 58. a4 b4 59. Kg2 Kf6 60. Re3 Qd6 61. Qxd6+ Nxd6 62. Re1 c5 63. Rc1 Ne4 64. f3 Nc3 65. Kf2 Ke5 66. Ke3 c4 67. bxc4 Nxa4 68. Ra1 Nc3 69. Rxa5+ Kd6 70. Kd3 Ke6 71. Ra6+ {[%emt 0:01:42] Kd5 Ke4+} 1-0

[Event "47th GRE-chT 2019"]
[Site "Patra"]
[Date "2019.07.04"]
[Round "4.19"]
[White "Gioutsos, Vasileios"]
[Black "Peikos, Rafail"]
[Result "1-0"]
[ECO "B01"]
[WhiteElo "1426"]
[BlackElo "1309"]
[Annotator "NA"]
[PlyCount "123"]
[EventDate "2019.07.02"]
[EventCountry "GRE"]
[SourceTitle "playchess.com"]
[Source "ChessBase"]
[SourceQuality "1"]
[TimeControl "5400+30"]

1. e4 d5 2. exd5 Qxd5 3. Nc3 Qd6 4. d4 Nf6 5. Nf3 a6 6. g3 Nc6 7. Bg2 Bg4 8. Bf4 Qb4 9. O-O O-O-O 10. d5 e6 11. a3 Qc5 12. Be3 Qe7 13. h3 Nxd5 14. Nxd5 Rxd5 15. Qe2 Bh5 16. g4 Bg6 17. Nh2 Nd4 18. Bxd4 Rxd4 19. Qe3 Qc5 20. b4 Qb6 21. Nf3 Rc4 22. Qxb6 cxb6 23. Ne5 Rxc2 24. Rac1 Rc7 25. Rxc7+ Kxc7 26. Rc1+ Kd6 27. Nxg6 hxg6 28. Rc8 a5 29. Bxb7 axb4 30. axb4 Kd7 31. g5 f6 32. h4 Ke7 33. Rc4 fxg5 34. hxg5 Rh5 35. f4 Kd7 36. Kg2 e5 37. Bc8+ Kd8 38. Bg4 Rh4 39. fxe5 Ke7 40. b5 Kd8 41. Rc8+ Ke7 42. Kg3 Rh1 43. Bf3 Re1 44. Bc6 Kf7 45. e6+ Ke7 46. Re8+ Kd6 47. Rxf8 Rg1+ 48. Kf2 Rxg5 49. Bd7 Re5 50. Rf7 g5 51. Rxg7 Rf5+ 52. Kg3 Kc7 53. Kg4 Re5 54. Rxg5 Re4+ 55. Kf5 Rd4 56. Kf6 Kd6 57. Kf7 Rf4+ 58. Ke8 Rh4 59. Rg8 Rh7 60. Rg6 Kc7 61. Bc6 Kc8 62. e7 1-0

[Event "47th GRE-chT 2019"]
[Site "Patra"]
[Date "2019.07.04"]
[Round "4.20"]
[White "Tzermiadianos, Andreas"]
[Black "Argiroudis, Stamatis"]
[Result "1/2-1/2"]
[ECO "B18"]
[WhiteElo "2438"]
[BlackElo "2284"]
[Annotator "NA"]
[PlyCount "78"]
[EventDate "2019.07.02"]
[EventCountry "GRE"]
[SourceTitle "playchess.com"]
[Source "ChessBase"]
[SourceQuality "1"]
[TimeControl "5400+30"]

1. e4 c6 2. d4 d5 3. Nc3 dxe4 4. Nxe4 Bf5 5. Nc5 Nd7 6. Nxb7 Qb6 7. Nc5 Nxc5 8. dxc5 Qxc5 9. Bd3 Bxd3 10. cxd3 e6 11. Nf3 Qa5+ 12. Bd2 Bb4 13. Bxb4 Qxb4+ 14. Qd2 Rb8 15. Qxb4 Rxb4 16. b3 Ne7 17. Kd2 f6 18. Rhc1 Kd7 19. Rc5 Rb5 20. Rc4 Ra5 21. a4 Rd5 22. b4 Rb8 23. Nd4 a5 24. b5 cxb5 25. Nxb5 Rc8 26. Rxc8 Nxc8 27. Rc1 Nb6 28. Rc7+ Kd8 29. Rxg7 Nxa4 30. Nc7 Rd6 31. Rxh7 Nc5 32. Nb5 Rxd3+ 33. Kc2 Rd5 34. Nc3 Rd7 35. Rh8+ Ke7 36. Ra8 Rc7 37. Nb5 Rc6 38. Ra7+ Kf8 39. Nd4 Rc8 1/2-1/2

[Event "47th GRE-chT 2019"]
[Site "Patra"]
[Date "2019.07.04"]
[Round "4.20"]
[White "Souchleris, Nikolaos"]
[Black "Merkos, Thomas"]
[Result "0-1"]
[ECO "E14"]
[WhiteElo "1204"]
[BlackElo "1665"]
[Annotator "NA"]
[PlyCount "76"]
[EventDate "2019.07.02"]
[EventCountry "GRE"]
[SourceTitle "playchess.com"]
[Source "ChessBase"]
[SourceQuality "1"]
[TimeControl "5400+30"]

1. d4 Nf6 2. Nf3 e6 3. e3 b6 4. Bd3 Bb7 5. b3 Be7 6. Bb2 O-O 7. O-O d5 8. c4 c5 9. Nbd2 Nc6 10. a3 h6 11. Qe2 Rc8 12. Rac1 Qd7 13. Rfd1 Rfd8 14. Bb1 cxd4 15. exd4 Ba6 16. Rc3 dxc4 17. Nxc4 Nd5 18. Rcc1 Bd6 19. Qc2 g6 20. Nxd6 Qxd6 21. Qd2 Nf4 22. Kh1 Na5 23. Rxc8 Rxc8 24. Qe3 Bb7 25. Rc1 Rxc1+ 26. Bxc1 g5 27. b4 Nc4 28. Qc3 b5 29. Bxf4 Qxf4 30. Qd3 f5 31. Ba2 g4 32. Bxc4 gxf3 33. Bxe6+ Kh8 34. Qe3 Qxe3 35. fxe3 f2 36. Bc4 bxc4 37. h3 f1=Q+ 38. Kh2 Qxg2# 0-1

[Event "47th GRE-chT 2019"]
[Site "Patra"]
[Date "2019.07.04"]
[Round "4.22"]
[White "Martinovic, Sasa"]
[Black "Pancevski, Filip"]
[Result "0-1"]
[ECO "B08"]
[WhiteElo "2560"]
[BlackElo "2514"]
[Annotator "ChessBase"]
[PlyCount "82"]
[EventDate "2019.07.02"]
[EventCountry "GRE"]
[SourceTitle "playchess.com"]
[Source "ChessBase"]
[SourceQuality "1"]
[TimeControl "5400+30"]

1. d4 d6 2. Nf3 Nf6 3. Nc3 g6 4. e4 Bg7 5. Be3 O-O 6. Qd2 c6 7. Bh6 Qa5 8. h4 Bxh6 9. Qxh6 Ng4 10. Qd2 h5 11. Bc4 Kg7 12. Ng5 Nd7 13. f3 Ngf6 14. g4 e5 15. O-O-O Qb4 16. dxe5 dxe5 17. Bxf7 Rxf7 18. Nxf7 Kxf7 19. g5 Ne8 20. f4 exf4 21. Rhf1 Kg8 22. Qxf4 Qe7 23. e5 Nc5 24. b4 Ne6 25. Qe4 Kh7 26. Rf2 N6g7 27. Qd4 Bg4 28. Rdd2 Bf5 29. Ne4 Bxe4 30. Qxe4 a5 31. Rf6 Nf5 32. Rxf5 gxf5 33. Qxf5+ Kg8 34. g6 Ng7 35. Qf6 Re8 36. Rf2 Qxb4 37. Qf7+ Kh8 38. e6 Qe1+ 39. Kb2 Qe5+ 40. c3 Qxe6 41. Rf6 Qd5 0-1

[Event "47th GRE-chT 2019"]
[Site "Patra"]
[Date "2019.07.04"]
[Round "4.23"]
[White "Tsaknakis, Zisis"]
[Black "Spyropoulos, Nikolaos"]
[Result "1/2-1/2"]
[ECO "A07"]
[WhiteElo "2263"]
[BlackElo "2404"]
[Annotator "NA"]
[PlyCount "80"]
[EventDate "2019.07.02"]
[EventCountry "GRE"]
[SourceTitle "playchess.com"]
[Source "ChessBase"]
[SourceQuality "1"]
[TimeControl "5400+30"]

1. Nf3 d5 2. g3 Nf6 3. Bg2 Bg4 4. O-O Nbd7 5. c4 e6 6. Qb3 Nc5 7. Qe3 c6 8. d4 Ncd7 9. cxd5 cxd5 10. Ne5 Bf5 11. Nc3 Be7 12. Qf4 O-O 13. g4 Bg6 14. h4 Nxe5 15. dxe5 Ne4 16. Nxe4 Bxe4 17. Bxe4 dxe4 18. Qxe4 Bxh4 19. Be3 f5 20. exf6 Bxf6 21. Qxe6+ Kh8 22. Rad1 Qa5 23. g5 Bxb2 24. Rb1 Rae8 25. Qh3 Bc3 26. Rxb7 Qa6 27. Rc7 Be5 28. Rxa7 Qxe2 29. g6 h5 30. Rf7 Rxf7 31. gxf7 Rf8 32. Qe6 Bf4 33. Rc1 Bxe3 34. fxe3 Qf3 35. Rc8 Qg3+ 36. Kf1 Qf3+ 37. Kg1 Qg3+ 38. Kf1 Qf3+ 39. Ke1 Qg3+ 40. Ke2 Qg2+ 1/2-1/2

[Event "47th GRE-chT 2019"]
[Site "Patra"]
[Date "2019.07.04"]
[Round "4.24"]
[White "Balokas, Dimitrios"]
[Black "Papadopoulos, Panayotis"]
[Result "0-1"]
[ECO "A54"]
[WhiteElo "2206"]
[BlackElo "2165"]
[Annotator "NA"]
[PlyCount "70"]
[EventDate "2019.07.02"]
[EventCountry "GRE"]
[SourceTitle "playchess.com"]
[Source "ChessBase"]
[SourceQuality "1"]
[TimeControl "5400+30"]

1. d4 Nf6 2. c4 d6 3. Nc3 Nbd7 4. Nf3 e5 5. Bg5 Be7 6. e3 c6 7. Qc2 h6 8. Bh4 exd4 9. Nxd4 Ne5 10. Be2 O-O 11. O-O Re8 12. Rfd1 Qc7 13. Nf5 Bxf5 14. Qxf5 Qd7 15. Qxd7 Nexd7 16. Bg3 Ne5 17. c5 Rad8 18. b4 Bf8 19. cxd6 Rxd6 20. a3 Rxd1+ 21. Rxd1 Ned7 22. Bd6 Nb6 23. Bxf8 Kxf8 24. b5 c5 25. Bf3 Rb8 26. a4 Ke7 27. g3 Nc4 28. e4 Rd8 29. Rxd8 Kxd8 30. e5 Nxe5 31. Bxb7 Kc7 32. Bd5 Kb6 33. f4 Ned7 34. Kf1 Nxd5 35. Nxd5+ Ka5 0-1

[Event "47th GRE-chT 2019"]
[Site "Patra"]
[Date "2019.07.04"]
[Round "4.25"]
[White "Grapsa, Georgia"]
[Black "Salahidou, Reveka"]
[Result "1-0"]
[ECO "E04"]
[WhiteElo "2038"]
[BlackElo "1971"]
[Annotator "NA"]
[PlyCount "91"]
[EventDate "2019.07.02"]
[EventCountry "GRE"]
[SourceTitle "playchess.com"]
[Source "ChessBase"]
[SourceQuality "1"]
[TimeControl "5400+30"]

1. d4 d5 2. Nf3 e6 3. c4 Nf6 4. g3 dxc4 5. Bg2 a6 6. O-O Be7 7. Ne5 Ra7 8. a4 O-O 9. Nc3 b6 10. e4 c6 11. Be3 Rb7 12. Nxc4 b5 13. axb5 axb5 14. Ne5 Qc7 15. Bf4 Qb6 16. d5 Rd8 17. Qb3 c5 18. Ra8 c4 19. Nxc4 bxc4 20. Qxb6 Rxb6 21. Rxb8 Rxb8 22. Bxb8 exd5 23. exd5 Bb7 24. Re1 Bb4 25. Bc7 Rd7 26. Be5 Bxc3 27. Bxc3 Bxd5 28. Bxf6 gxf6 29. Rd1 Be6 30. Rxd7 Bxd7 31. Kf1 Kf8 32. Ke2 Be6 33. Ke3 Ke7 34. Kd4 Kd6 35. Bf1 Bf5 36. Bxc4 Bg6 37. f4 h6 38. b4 Kc6 39. b5+ Kb6 40. Kd5 Bf5 41. Kd6 Bg4 42. Ke7 Kc5 43. Bxf7 Kxb5 44. Kxf6 Kc6 45. Kg7 h5 46. h4 {[%emt 0:00:00] Kd5} 1-0

[Event "47th GRE-chT 2019"]
[Site "Patra"]
[Date "2019.07.04"]
[Round "4.26"]
[White "Stratigi, Evangelia"]
[Black "Petraki, Evaggelia"]
[Result "1-0"]
[ECO "B73"]
[WhiteElo "1624"]
[BlackElo "1785"]
[Annotator "NA"]
[PlyCount "145"]
[EventDate "2019.07.02"]
[EventCountry "GRE"]
[SourceTitle "playchess.com"]
[Source "ChessBase"]
[SourceQuality "1"]
[TimeControl "5400+30"]

1. e4 c5 2. Nf3 Nc6 3. d4 cxd4 4. Nxd4 Nf6 5. Nc3 g6 6. Be3 d6 7. Be2 Bg7 8. O-O O-O 9. Qd2 Bd7 10. f3 a6 11. Rfd1 Rc8 12. Rac1 Ne5 13. b3 Re8 14. Nd5 Nc6 15. c4 Nxd4 16. Bxd4 Nxd5 17. cxd5 Bxd4+ 18. Qxd4 Qa5 19. a4 e5 20. dxe6 Bxe6 21. Bc4 Qb4 22. Qd3 Bxc4 23. Rxc4 Rxc4 24. Qxc4 Qxc4 25. bxc4 Rc8 26. Rd4 Rc6 27. Kf2 Kf8 28. Ke3 Ke7 29. Kd3 Ke6 30. Rd5 h6 31. a5 Rc8 32. f4 f6 33. Kd4 g5 34. f5+ Ke7 35. c5 dxc5+ 36. Rxc5 Rd8+ 37. Rd5 Rc8 38. Rc5 Rd8+ 39. Rd5 Rc8 40. e5 fxe5+ 41. Rxe5+ Kf6 42. g4 Rc7 43. Re6+ Kg7 44. Kd5 Rd7+ 45. Rd6 Rc7 46. Ke6 Rc4 47. Rd7+ Kg8 48. Rxb7 Rxg4 49. Ra7 Rf4 50. Rxa6 h5 51. Kf6 g4 52. Kg6 Kf8 53. Kxh5 Rxf5+ 54. Kxg4 Rb5 55. Rf6+ Kg7 56. Rf5 Rb2 57. h4 Rg2+ 58. Kf4 Rf2+ 59. Ke5 Rd2 60. Ke6 Kg6 61. h5+ Kh6 62. Rd5 Rc2 63. Kd6 Rf2 64. Kc6 Rb2 65. a6 Ra2 66. Kb6 Rb2+ 67. Rb5 Rf2 68. a7 Rf6+ 69. Ka5 Rf8 70. Ka6 Kh7 71. Rc5 Kh6 72. Ka5 Rf7 73. Kb6 1-0

[Event "47th GRE-chT 2019"]
[Site "Patra"]
[Date "2019.07.04"]
[Round "4.27"]
[White "Tsivelekidou, Anthoula Elpida"]
[Black "Kaliontzaki, Argyro Evanthia"]
[Result "1/2-1/2"]
[ECO "E11"]
[WhiteElo "1298"]
[BlackElo "1324"]
[Annotator "NA"]
[PlyCount "93"]
[EventDate "2019.07.02"]
[EventCountry "GRE"]
[SourceTitle "playchess.com"]
[Source "ChessBase"]
[SourceQuality "1"]
[TimeControl "5400+30"]

1. d4 Nf6 2. c4 e6 3. Nf3 Bb4+ 4. Bd2 a5 5. a3 Bxd2+ 6. Qxd2 b6 7. e3 Bb7 8. Be2 O-O 9. Nc3 d5 10. cxd5 exd5 11. O-O Nbd7 12. b4 axb4 13. axb4 Qe7 14. b5 Ra3 15. Qb2 Rfa8 16. Rfc1 h6 17. Ra2 Ne4 18. Rca1 Rxa2 19. Rxa2 Qe8 20. Nxe4 dxe4 21. Nd2 Bd5 22. Ra3 Nf6 23. Qc3 Rxa3 24. Qxa3 Qa8 25. Qxa8+ Bxa8 26. Bc4 Bd5 27. Bxd5 Nxd5 28. Nxe4 f5 29. Ng3 g6 30. Ne2 Kf7 31. Kf1 Ke6 32. Ke1 Kd6 33. Kd2 c6 34. bxc6 Kxc6 35. Kc2 Nf6 36. h3 g5 37. Kd3 Kd5 38. Nc3+ Kc6 39. Kc4 Kd6 40. Kb5 Nd7 41. Na4 Kc7 42. Nb2 Nf6 43. Nc4 Nd5 44. f3 Nc3+ 45. Kb4 Nd5+ 46. Kb5 Nc3+ 47. Kb4 1/2-1/2

[Event "47th GRE-chT 2019"]
[Site "Patra"]
[Date "2019.07.04"]
[Round "4.28"]
[White "Karousos-Theodorakis, Nikolaos"]
[Black "Ioannidis, Evgenios"]
[Result "1-0"]
[ECO "B31"]
[WhiteElo "2304"]
[BlackElo "2378"]
[Annotator "NA"]
[PlyCount "65"]
[EventDate "2019.07.02"]
[EventCountry "GRE"]
[SourceTitle "playchess.com"]
[Source "ChessBase"]
[SourceQuality "1"]
[TimeControl "5400+30"]

1. e4 c5 2. Nf3 Nc6 3. Bb5 g6 4. O-O Bg7 5. c3 Nf6 6. Re1 O-O 7. h3 Ne8 8. d4 cxd4 9. cxd4 Nc7 10. Bxc6 bxc6 11. Nc3 Rb8 12. b3 c5 13. Be3 f5 14. exf5 Rxf5 15. Rc1 Bb7 16. dxc5 Bxf3 17. gxf3 Bxc3 18. Rxc3 Nd5 19. Rc4 e6 20. Bc1 Qa5 21. Qd2 Qc7 22. Bb2 Rxf3 23. Be5 Qb7 24. Qh6 d6 25. cxd6 Qf7 26. d7 Rf8 27. Qxf8+ Qxf8 28. Rc8 Nb6 29. Rxf8+ Rxf8 30. Bc7 Nxd7 31. Re3 e5 32. Rxe5 Rc8 33. Re6 1-0

[Event "47th GRE-chT 2019"]
[Site "Patra"]
[Date "2019.07.04"]
[Round "4.29"]
[White "Gavriil, Odysseas-Panagiotis"]
[Black "Damianou, Ioannis"]
[Result "1/2-1/2"]
[ECO "E17"]
[WhiteElo "2038"]
[BlackElo "2154"]
[Annotator "NA"]
[PlyCount "80"]
[EventDate "2019.07.02"]
[EventCountry "GRE"]
[SourceTitle "playchess.com"]
[Source "ChessBase"]
[SourceQuality "1"]
[TimeControl "5400+30"]

1. c4 b6 2. g3 Bb7 3. Nf3 Nf6 4. Bg2 e6 5. O-O Be7 6. d4 O-O 7. d5 exd5 8. Nh4 c6 9. cxd5 Nxd5 10. Nf5 Nc7 11. Bf4 d5 12. e4 Ne6 13. Qg4 Nd7 14. exd5 cxd5 15. Nc3 g6 16. Nh6+ Kg7 17. Nf5+ Kh8 18. Nxe7 Qxe7 19. Bxd5 {[%emt 0:03:31] f5} f5 20. Qe2 Bxd5 21. Nxd5 Qf7 22. Be5+ Kg8 23. Bc3 Rfe8 24. Qd2 Rad8 25. Rad1 Nec5 26. f3 Na4 27. Rfe1 Nxc3 28. Nxc3 Rxe1+ 29. Rxe1 Re8 30. Rxe8+ Qxe8 31. Qd5+ Kg7 32. Kf2 Qc8 33. Qd4+ Kf7 34. Qd5+ Ke7 35. Ke2 Nf6 36. Qd3 Qe6+ 37. Qe3 Kd7 38. Kd2 Qc6 39. Qd4+ Ke7 40. Ke2 Kf7 1/2-1/2